 Dungeon Crawl Stone Soup version 0.26.0-10-g1f06aea511 (webtiles) character file.

Game seed: 10687783730438034839

0 CurlyBrace the Grasshopper (level 1, 0/9 HPs)
             Began as a Felid Warper on Jan 14, 2021.
             Slain by an ufetubus (1 damage)
             ... on level 5 of the Dungeon.
             The game lasted 00:01:30 (117 turns).

CurlyBrace the Grasshopper (Felid Warper)            Turns: 117, Time: 00:01:30

Health: 0/9        AC:  1    Str:  7    XL:     1   Next: 8%
Magic:  4/4        EV: 18    Int: 14    God:
Gold:   0          SH:  0    Dex: 15    Spells: 4/4 levels left
                                        Lives:  0   Deaths: 0

rFire    . . .     SeeInvis +     - Unarmed
rCold    . . .     Faith    .   (shield unavailable)
rNeg     . . .     Spirit   .   (armour unavailable)
rPois    .         Reflect  .   (helmet unavailable)
rElec    .         Harm     .   (cloak unavailable)
rCorr    .         Rampage  .   (gloves unavailable)
Will     .....                  (boots unavailable)
Stlth    ++........             (no amulet)
HPRegen  0.03/turn              (no ring)
MPRegen  0.09/turn              (no ring)

@: about to teleport, quick
A: very small, no armour, no weapons or thrown items, stealth, claws 1, fangs 3,
see invisible, speed 1, shaggy fur 1, sharp paws
a: no special abilities


You were on level 5 of the Dungeon.
You visited 1 branch of the dungeon, and saw 4 of its levels.

You aren't carrying anything.


   Skills:
 - Level 2.0 Fighting
 - Level 3.2 Dodging
 + Level 0.2 Stealth
 + Level 2.0 Unarmed Combat
 - Level 2.0 Spellcasting
 - Level 4.4 Translocations


You had 4 spell levels left.
You didn't know any spells.
Your spell library contained the following spells:

 Spells                   Type           Power        Failure   Level
 Blink                    Tloc           N/A          6%          2
 Gell's Gravitas          Tloc           6%           12%         3
 Lesser Beckoning         Tloc           6%           12%         3
 Teleport Other           Tloc           13%          12%         3
 Passage of Golubria      Tloc           N/A          36%         4


Dungeon Overview and Level Annotations

Branches:
Dungeon (3/15)

Altars:

Annotations:
D:2 Sigmund


Innate Abilities, Weirdness & Mutations

You cannot wear armour.
You are incapable of wielding weapons or throwing items.
Your paws allow you to move quietly. (Stealth)
You have sharp claws.
You have razor-sharp teeth.
You have supernaturally acute eyesight. (SInv)
You cover ground quickly.
You are covered in fur. (AC +1)
Your sharp claws are effective at attacking unaware monsters.


Message History

Blink to where?
Press: ? - help, Dir - move target
As you read the scroll of blinking, it crumbles to dust.
The ufetubus closely misses you. The ufetubus misses you.
Found a spear.
The ufetubus completely misses you. The ufetubus closely misses you.
The ufetubus hits you.
Ouch! That really hurt!
The ufetubus misses you.
You see here a spear.
The ufetubus misses you. The ufetubus closely misses you.
The ufetubus barely misses you. The ufetubus hits you.
* * * LOW HITPOINT WARNING * * *
Found a scroll labelled MUCOQI BEECIM.
You see here a scroll labelled MUCOQI BEECIM.
As you read the scroll labelled MUCOQI BEECIM, it crumbles to dust.
You feel strangely unstable.
It was a scroll of teleportation.
The ufetubus misses you. The ufetubus closely misses you.
The ufetubus barely misses you. The ufetubus hits you.
You die...

#.############
.#
#....o)......#
.#
############.#
##.#### #.#
#..... #.#
#...
##.###.######
#...........#
##..###5####.#
........@#
####..#####
#..# #..# #...
#.#


You could see an ufetubus.

Vanquished Creatures
  A rat (D:3)
1 creature vanquished.

Notes
Turn   | Place    | Note
-------+----------+-------------------------------------------
     0 | D:1      | CurlyBrace the Felid Warper began the quest for the Orb.
     0 | D:1      | Reached XP level 1. HP: 9/9 MP: 4/4
    24 | D:2      | Noticed Sigmund
    60 | D:3      | You fall into a shaft and drop 2 floors!
    60 | D:5      | Entered Level 5 of the Dungeon
    65 | D:5      | Noticed an orc warrior
   117 | D:5      | Slain by an ufetubus

Illustrated notes

Levels and vault maps discovered:
D:1:      wheals_arrival_shading, layout_basic, corexii_corridor_pit
D:2:      layout_loops_ring, uniq_jessica, uniq_sigmund
D:3:      layout_rooms, serial_forest, infiniplex_forest_end_2,
          infiniplex_forest_straight_4, infiniplex_forest_straight_3,
          infiniplex_forest_clump_large, infiniplex_forest_straight_2,
          infiniplex_forest_clump_tiny, infiniplex_forest_clump_curved,
          uniq_crazy_yiuf_cottage, uniq_terence
D:5:      layout_loops_ring, uniq_eustachio

Action                   || total
-------------------------++-------
Melee: Unarmed           ||     3
  Use: Scroll            ||     2
Dodge: Dodged            ||    17
